 Dungeon Crawl Stone Soup version 0.30.0-29-ga12c61a403 (webtiles) character file.

Game seed: 4054854743499644768

879 qw the Chopper (level 8, -1/48 HPs)
             Began as a Gargoyle Fighter on June 3, 2023.
             Slain by a two-headed ogre
             ... wielding a +0 giant club
              (23 damage)
             ... on level 5 of the Dungeon.
             The game lasted 00:02:08 (4264 turns).

qw the Chopper (Gargoyle Fighter)                   Turns: 4264, Time: 00:02:09

Health: -1/48      AC: 17    Str: 22    XL:     8   Next: 4%
Magic:  8/8        EV:  7    Int:  9    God:
Gold:   181        SH:  8    Dex:  9    Spells: 7/7 levels left

rFire   . . .        Y - +1 war axe
rCold   . . .        s - +0 kite shield
rNeg    + . .        j - +0 chain mail
rPois   inf          f - +2 helmet
rElec   +            (no cloak)
rCorr   +            (no gloves)
SInv    .            (no boots)
Will    .....        (no amulet) Stlth
                     n - ring of resist corrosion
HPRegen 0.28/turn    (no ring)
MPRegen 0.11/turn

%: no passive effects
@: no status effects
A: sickness immunity, AC +5, negative energy resistance 1, electricity
resistance, torment resistance 1, petrification resistance
a: no special abilities


You were on level 5 of the Dungeon.
You visited 2 branches of the dungeon, and saw 6 of its levels.

You collected 253 gold pieces.
You spent 72 gold pieces at shops.


Innate Abilities, Weirdness & Mutations

You are immune to sickness and miasma.
Your stone body is resilient. (AC +5)
You are immune to poison.
You resist negative energy. (rN+)
You are resistant to electric shocks. (rElec)
You are resistant to unholy torment.
You are immune to petrification.


   Skills:
 - Level 4.6 Fighting
 - Level 6.0 Axes
 - Level 2.7 Throwing
 - Level 3.2 Armour
 + Level 5.7 Shields


You had 7 spell levels left.
You didn't know any spells.
Your spell library was empty.

Inventory:

Hand Weapons
 c - a +0 morningstar
 Y - a +1 war axe (weapon)
Missiles
 m - 2 javelins (quivered)
Armour
 f - a +2 helmet (worn)
 j - a +0 chain mail (worn)
 s - a +0 kite shield (worn)
Jewellery
 n - a ring of resist corrosion (left hand)
Scrolls
 h - 2 scrolls of identify
Potions
 d - 2 potions of might
 g - 2 potions of lignification
 i - 2 potions of curing
 k - a potion of invisibility {unknown}
 l - a potion of attraction
 o - a potion of haste

Dungeon Overview and Level Annotations

Branches:
Dungeon (5/15)             Temple (1/1) D:5

Altars:
Ashenzari
Cheibriados
Gozag
Hepliaklqana
Kikubaaqudgha
Ru
Sif Muna
Uskayaw
Vehumet
Wu Jian
Xom
Yredelemnul
Zin
The Shining One

Shops:
D:2 *


Message History

Enter note:
Enter note: The two-headed ogre shouts in stereo!
Enter note:
Enter note:
Enter note:
Enter note:
Enter note:
Enter note:
Enter note:
Enter note:
Enter note:
Enter note:
Enter note:
Enter note:
Found 15 gold pieces.
The orc wizard casts a spell at you.
The puff of flame hits you but does no damage.
You hit the orc but do no damage.
The orc wizard gestures at you while chanting.
You resist with some effort. The orc hits you but does no damage.
You block the orc's attack.
You hit the orc priest.
The orc priest is moderately wounded.
You barely miss the orc. The orc hits you with a +0 dagger.
The orc priest hits you but does no damage.
You slash the orc priest!
The orc priest is almost dead.
You barely miss the orc. The orc closely misses you.
The two-headed ogre hits you but does no damage.
The two-headed ogre hits you with a +0 giant spiked club.
You barely miss the two-headed ogre.
The two-headed ogre is lightly wounded.
You closely miss the orc. You closely miss the orc wizard.
You block the orc's attack. You block the orc wizard's attack.
The orc priest hits you but does no damage.
The two-headed ogre hits you with a +0 giant club!!
You die...

##.. #. .# #.... .....#
..... ..#..# ####..##
...... .?...# #......####
......###.#..###........#.
.$....!...................
#..............#.?.##..#
#.......o..>.......#....
.........@O....#._.#......
..#......oo..#............
. #.8.........)..#.....)##
>....................#..#
#..#.................##..#
.....#...............##...
....
...#.............../....
..8.8..^...
..$.......##....#....
......... ##
......##.....#..[.


You could see a two-headed ogre, an orc priest, an orc wizard and an orc.

Vanquished Creatures
  Duvessa (D:5)
  A black bear (D:5)
  An ice beast (D:5)
  An ogre (D:3)
  A phantom (D:3)
  A scorpion (D:5)
  Dowan (D:5)
  A sleepcap (D:3)
  Ijyb (D:4)
  3 iguanas
  Robin (D:4)
  8 adders
  A shadow imp (D:5)
  A white imp (D:5)
  3 worms (D:2)
  A dart slug (D:3)
  An orc (D:3)
  7 bats
  7 endoplasms
  3 giant cockroaches
  11 goblins
  13 hobgoblins
  8 jackals
  9 kobolds
  5 quokkas
  4 ball pythons
  4 frilled lizards
  6 rats
105 creatures vanquished.

Notes
Turn   | Place    | Note
-------+----------+-------------------------------------------
     0 | D:1      | qw the Gargoyle Fighter began the quest for the Orb.
     0 | D:1      | Reached XP level 1. HP: 14/14 MP: 1/1
     0 | D:1      | 0 ||| qw: Version: 0.2-a-103-g5a998e5
     0 | D:1      | 0 ||| qw: Game counter: 1083
     0 | D:1      | 0 ||| qw: Always use a shield: true
     0 | D:1      | 0 ||| qw: God list: Okawaru
     0 | D:1      | 0 ||| qw: Allow faded altars: false
     0 | D:1      | 0 ||| qw: Do Orc after D:15 true
     0 | D:1      | 0 ||| qw: Do second Lair branch before Depths: true
     0 | D:1      | 0 ||| qw: Lair rune preference: random
     0 | D:1      | 0 ||| qw: Plans: Normal, Zot:1-4, Slime:5, God:TSO, Crypt,
                  | Tomb, Pan, Hells, Abyss, Win
     0 | D:1      | 0 ||| PLANNING D:1-11
    54 | D:1      | Reached skill level 2 in Axes
    62 | D:1      | 62 ||| Stepping ~*~*~tactically~*~*~ (stealth).
   168 | D:1      | Reached XP level 2. HP: 19/19 MP: 2/2
   176 | D:1      | 176 ||| Stepping ~*~*~tactically~*~*~ (hiding).
   178 | D:1      | 178 ||| Stepping ~*~*~tactically~*~*~ (hiding).
   292 | D:1      | You fall into a shaft and drop 1 floor!
   317 | D:2      | Reached skill level 3 in Axes
   427 | D:2      | 427 ||| READING scroll labelled RUSKEU ISOENN.
   428 | D:2      | 428 ||| READING 2 scrolls labelled DUFERA ZIUX.
   429 | D:2      | 429 ||| READING scroll labelled FOIHOL YLLOWUU.
   491 | D:1      | Reached XP level 3. HP: 17/23 MP: 3/3
  1057 | D:1      | 1057 ||| READING scroll labelled MYUSOAPSUE.
  1058 | D:1      | 1058 ||| READING scroll labelled DAOTIH VAL OCW.
  1127 | D:2      | 1127 ||| Stepping ~*~*~tactically~*~*~ (stealth).
  1155 | D:2      | 1155 ||| DROPPING +0 club.
  1510 | D:2      | 1510 ||| Stepping ~*~*~tactically~*~*~ (stealth).
  1513 | D:2      | 1513 ||| Stepping ~*~*~tactically~*~*~ (stealth).
  1667 | D:2      | Reached XP level 4. HP: 28/28 MP: 4/4
  1691 | D:2      | Found Mileorulo's General Store.
  1710 | D:2      | 1710 ||| SHOPLISTING +1 scale mail of willpower (192 gold,
                  | have 79).
  1710 | D:2      | 1710 ||| SHOPLISTING +2 scale mail of cold resistance (252
                  | gold, have 79).
  1710 | D:2      | 1710 ||| BUYING potion of might (48 gold).
  1710 | D:2      | Bought a potion of might for 48 gold pieces
  1710 | D:2      | 1710 ||| BUYING scroll of identify (24 gold).
  1710 | D:2      | Bought a scroll of identify for 24 gold pieces
  1710 | D:2      | 1710 ||| SHOPLISTING scroll of teleportation (36 gold, have
                  | 7).
  1790 | D:2      | 1790 ||| UPGRADING to ring of resist corrosion.
  1791 | D:2      | 1791 ||| READING scroll labelled NAOVETO KIPRO.
  1892 | D:2      | 1892 ||| READING scroll labelled TEKKIUPOLI.
  1893 | D:2      | 1893 ||| DRINKING 3 pink potions.
  1930 | D:2      | 1930 ||| READING 2 scrolls of identify.
  1930 | D:2      | 1930 ||| IDENTIFYING bubbling silvery potion
  1978 | D:3      | Noticed a phantom
  1991 | D:3      | 1991 ||| STAIRDANCE
  1994 | D:3      | Killed a phantom
  1995 | D:3      | Reached XP level 5. HP: 25/32 MP: 5/5
  2084 | D:3      | Reached skill level 4 in Axes
  2138 | D:3      | 2138 ||| Stepping ~*~*~tactically~*~*~ (stealth).
  2329 | D:3      | Noticed an ogre
  2333 | D:3      | Killed an ogre
  2334 | D:3      | Reached skill level 5 in Axes
  2334 | D:3      | Reached XP level 6. HP: 28/37 MP: 6/6
  2642 | D:3      | 2642 ||| Stepping ~*~*~tactically~*~*~ (hiding).
  2829 | D:3      | 2829 ||| DROPPING +1 leather armour of fire resistance.
  2830 | D:3      | 2830 ||| UPGRADING to +0 chain mail.
  2840 | D:3      | 2840 ||| DROPPING +0 scale mail.
  2841 | D:3      | 2841 ||| DROPPING orb of light.
  2842 | D:3      | 2842 ||| UPGRADING to +0 kite shield.
  2852 | D:3      | 2852 ||| DROPPING +0 buckler.
  2853 | D:3      | 2853 ||| READING scroll labelled ULOKKODGHORUST.
  2856 | D:3      | 2856 ||| DRINKING 2 grey potions.
  2857 | D:3      | 2857 ||| DRINKING 2 metallic silvery potions.
  2858 | D:3      | 2858 ||| DRINKING 3 fuming green potions.
  2859 | D:3      | 2859 ||| DROPPING 2 potions of brilliance.
  3151 | D:4      | Identified the +1 ring mail of the Bedazzled Wumpus {Dex+5}
  3250 | D:4      | 3250 ||| Stepping ~*~*~tactically~*~*~ (stealth).
  3252 | D:4      | 3252 ||| Stepping ~*~*~tactically~*~*~ (hiding).
  3316 | D:4      | Noticed Ijyb
  3317 | D:4      | Noticed Robin
  3323 | D:4      | HP: 9/38 [goblin/+0 dagger (2)]
  3324 | D:4      | 3324 ||| READING 3 scrolls of teleportation.
  3326 | D:4      | HP: 4/38 [goblin/+0 dagger (2)]
  3328 | D:4      | 3328 ||| READING 2 scrolls of teleportation.
  3510 | D:4      | 3510 ||| Stepping ~*~*~tactically~*~*~ (stealth).
  3511 | D:4      | 3511 ||| Stepping ~*~*~tactically~*~*~ (stealth).
  3515 | D:4      | 3515 ||| Stepping ~*~*~tactically~*~*~ (hiding).
  3531 | D:4      | Killed Ijyb
  3575 | D:4      | Killed Robin
  3614 | D:4      | 3614 ||| DROPPING +1 ring mail of the Bedazzled Wumpus
                  | {Dex+5}.
  3615 | D:4      | 3615 ||| UPGRADING to +0 helmet.
  3620 | D:4      | 3620 ||| READING 2 scrolls of enchant armour.
  3620 | D:4      | 3620 ||| ENCHANTING +0 helmet.
  3621 | D:4      | 3621 ||| READING scroll of enchant armour.
  3621 | D:4      | 3621 ||| ENCHANTING +1 helmet.
  3622 | D:4      | 3622 ||| DRINKING 2 fuming black potions.
  3629 | D:5      | Entered Level 5 of the Dungeon
  3636 | D:5      | Reached XP level 7. HP: 42/42 MP: 7/7
  3638 | D:5      | 3638 ||| Stepping ~*~*~tactically~*~*~ (hiding).
  3640 | D:5      | 3640 ||| Stepping ~*~*~tactically~*~*~ (hiding).
  3772 | D:5      | Found a staircase to the Ecumenical Temple.
  3773 | D:5      | 3773 ||| PLANNING TEMPLE
  3773 | D:5      | 3773 ||| DRINKING 2 red potions.
  3774 | D:5      | 3774 ||| DROPPING potion of flight.
  3791 | Temple   | Entered the Ecumenical Temple
  4064 | Temple   | 4064 ||| PLANNING D:1-11
  4104 | D:5      | 4104 ||| DROPPING +0 whip.
  4181 | D:5      | 4181 ||| Stepping ~*~*~tactically~*~*~ (hiding).
  4184 | D:5      | 4184 ||| Stepping ~*~*~tactically~*~*~ (hiding).
  4189 | D:5      | Noticed a two-headed ogre
  4190 | D:5      | 4190 ||| Stepping ~*~*~tactically~*~*~ (stealth).
  4190 | D:5      | Found a radiant altar of Vehumet.
  4194 | D:5      | Noticed Duvessa
  4195 | D:5      | 4195 ||| Stepping ~*~*~tactically~*~*~ (stealth).
  4200 | D:5      | Noticed Dowan
  4201 | D:5      | 4201 ||| Stepping ~*~*~tactically~*~*~ (hiding).
  4212 | D:5      | Killed Duvessa
  4213 | D:5      | Reached skill level 6 in Axes
  4220 | D:5      | 4220 ||| Stepping ~*~*~tactically~*~*~ (hiding).
  4221 | D:5      | 4221 ||| Stepping ~*~*~tactically~*~*~ (hiding).
  4232 | D:5      | 4232 ||| Stepping ~*~*~tactically~*~*~ (hiding).
  4236 | D:5      | 4236 ||| Stepping ~*~*~tactically~*~*~ (hiding).
  4243 | D:5      | Killed Dowan
  4244 | D:5      | Reached XP level 8. HP: 22/48 MP: 8/8
  4253 | D:5      | HP: 12/48 [two-headed ogre/+0 giant club (4)]
  4254 | D:5      | 4254 ||| READING scroll of teleportation.
  4255 | D:5      | HP: 3/48 [two-headed ogre/+0 giant club (10)]
  4256 | D:5      | 4256 ||| DRINKING potion of heal wounds.
  4264 | D:5      | Slain by a two-headed ogre

Levels and vault maps discovered:
D:1:      noname_arrival_rooms_in_the_neighbourhood, layout_basic
D:2:      layout_basic, serial_shops, nicolae_shop_behind_doors
D:3:      minmay_razor_zed, layout_basic, grunt_ministairs_5
D:4:      layout_rooms, nicolae_goblin_pals
D:5:      layout_cave_pools, vehumet_altar_wand_db,
          minmay_temple_entry_statues_pillars, serial_column_ruins,
          column_ruins_square_large, column_ruins_hut_ruined,
          column_ruins_grid_2, column_ruins_grid_1, column_ruins_open_tiny,
          column_ruins_open_tiny, column_ruins_columns_corner, uniq_duvessa,
          uniq_ijyb
Temple:   oiseaux_autumnal_temple

Skill      XL: |  1  2  3  4  5  6  7 |
---------------+----------------------+-----
Axes           | 2 3 5 6 |  6.0
Throwing       | 2 |  2.7
Shields        | 4 5 |  5.7
Fighting       | 4 |  4.6
Armour         | |  3.2

Action                     |  1- 3 |  4- 6 |  7- 9 || total
---------------------------+-------+-------+-------++-------
  Melee: War axe           |   121 |   143 |    59 ||   323
  Throw: Javelin           |     3 |    25 |     6 ||    34
    Use: Scroll            |     5 |     8 |     1 ||    14
         Potion            |       |     5 |     2 ||     7
 Armour: Scale mail        |    72 |    52 |       ||   124
         Chain mail        |       |    32 |    45 ||    77
  Dodge: Dodged            |    75 |    53 |    14 ||   142
  Block: Buckler           |    23 |    16 |       ||    39
         Kite shield       |       |    17 |    34 ||    51

Table legend:
 A = Non-vault XP
 B = Vault XP
 C = Vault XP percentage of total XP
 D = Non-vault monster count
 E = Vault monster count
 F = Vault count percentage of total count
                 A         B        C        D         E       F
            +---------+---------+-------+---------+---------+-------
      Total |     798 |     458 |  36.5 |      79 |      26 |  24.8
            +---------+---------+-------+---------+---------+-------
        D:1 |      30 |       0 |   0.0 |      19 |       0 |   0.0
        D:2 |      67 |       0 |   0.0 |      28 |       0 |   0.0
        D:3 |     193 |     178 |  48.0 |      15 |      15 |  50.0
        D:4 |      60 |      66 |  52.4 |       7 |       8 |  53.3
        D:5 |     448 |     214 |  32.3 |      10 |       3 |  23.1
            +---------+---------+-------+---------+---------+-------
